AoeStats
← 蟹黄堡

Arabia

507850924Analyzed
2v2 RM · 12d ago on Sep 19, 2026· 52m 39s· 4 players
Game mode
Random Map
Map size
Medium (4 player)
Population
200
Speed
Normal
Resources
Standard
Victory
Conquest
Starting age
Dark Age
Ending age
Imperial Age
RankedLock teamsTeams togetherTeam positionsShared explorationLock speedFull tech treeHidden civsTurbo modeCheats
Victory
Defeat
🇮🇹 Turks · Italy
629
+16
🇮🇹 Sicilians · Italy
623
+15
🇨🇳 Poles · China
623
-16
🇧🇷 Ethiopians · Brazil
613
-15
Sunrise
10:55 Feudal Age
9:22 Loom
11:25 Double-Bit Axe
22:34 Castle Age
21:09 Gold Mining
22:03 Fletching
22:13 Padded Archer Armor
23:33 Wheelbarrow
22:43 Town Watch
23:51 Town Watch
24:33 Elite Skirmisher
24:34 Crossbowman
26:29 Bow Saw
26:57 Bodkin Arrow
27:18 Leather Archer Armor
27:14 Forging
27:04 Scale Mail Armor
28:34 Scale Mail Armor
35:02 Imperial Age
33:30 Ballistics
34:24 Gold Shaft Mining
33:41 Stone Mining
34:29 Horse Collar
35:44 Hand Cart
35:48 Town Patrol
38:26 Chemistry
39:45 Two-Man Saw
39:47 Ring Archer Armor
39:17 Bracer
40:45 Arbalester
41:32 Thumb Ring
44:35 Royal Heirs
44:56 Conscription
46:03 Heavy Cavalry Archer
47:18 Elite Shotel Warrior
52:56 Bracer
蟹黄堡
2:13 Loom
13:47 Feudal Age
15:11 Gold Mining
15:09 Double-Bit Axe
17:00 Wheelbarrow
19:13 Town Watch
24:31 Horse Collar
27:41 Castle Age
26:40 Fletching
26:50 Padded Archer Armor
28:18 Stone Mining
28:36 Husbandry
28:47 Bloodlines
29:02 Thumb Ring
30:46 Stone Shaft Mining
32:43 Crossbowman
34:11 Bodkin Arrow
34:32 Leather Archer Armor
35:48 Szlachta Privileges
35:51 Heavy Plow
36:06 Bow Saw
41:53 Imperial Age
42:32 Arbalester
44:16 Murder Holes
44:32 Masonry
47:06 Chemistry
Kenpachi
0:27 Loom
10:28 Feudal Age
11:03 Double-Bit Axe
12:44 Horse Collar
19:24 Castle Age
17:47 Gold Mining
19:36 Crossbowman
23:21 Town Watch
25:39 Husbandry
26:41 Fletching
32:00 Wheelbarrow
37:06 Imperial Age
35:36 Ballistics
35:17 Murder Holes
35:30 Heavy Plow
35:57 Bow Saw
37:21 Padded Archer Armor
38:56 Scale Barding Armor
39:09 Leather Archer Armor
39:19 Treadmill Crane
40:27 Conscription
41:45 Heavy Camel Rider
42:46 Chain Barding Armor
42:23 Bodkin Arrow
43:01 Hand Cart
44:31 Bracer
44:58 Thumb Ring
46:15 Bloodlines
47:04 Caravan
46:58 Stone Mining
47:39 Arrowslits
49:54 Artillery
50:37 Elite Janissary
Bufalo
5:24 Loom
11:46 Feudal Age
13:08 Double-Bit Axe
13:13 Horse Collar
22:41 Castle Age
20:41 Stone Mining
21:36 Gold Mining
23:35 Bow Saw
23:33 Heavy Plow
24:26 Elite Skirmisher
27:05 Wheelbarrow
26:16 Town Watch
28:02 Pikeman
31:26 Caravan
32:33 Murder Holes
34:12 Hand Cart
34:41 Forging
34:21 Fletching
38:06 Imperial Age
36:17 Iron Casting
36:17 Squires
38:12 Elite Serjeant
39:22 Conscription
39:16 Capped Ram
41:04 Chemistry
40:07 Scale Mail Armor
41:09 Blast Furnace
41:33 Bodkin Arrow
41:54 Chain Mail Armor
44:31 Siege Ram
45:47 Plate Mail Armor
45:18 Bracer
45:18 Padded Archer Armor
45:25 Halberdier
51:40 Leather Archer Armor
Connection lost

Rejoining the realm…

Still unreachable

The connection could not be restored.

Session expired

The server has moved on; the page needs a fresh start.